Map: Purity and Industry LE

Players

prospeKt - Winner!

  • Race: Zerg Zerg
  • League: Platinum
  • Spawn Location: 12:00

Pezdoled

  • Race: Zerg Zerg
  • League: Platinum
  • Spawn Location: 3:00

VOD

Have the link to the VOD?

Description

Time

  • Played on: May 28, 2020, 11:41 a.m.
  • Length: 10:31
Show
View Real Time Build Order
Export as new Build Order

prospeKt Zerg - Winner!

Build Orders: Hatch First 

Get SALT Encoding   

  12  0:01  Drone  
  13  0:12  Overlord  
  13  0:27  Drone  
  14  0:34  Drone  
  14  0:35  Drone  
  16  0:39  Drone  
  17  0:54  Hatchery  
  16  0:57  Drone  
  16  1:01  Drone  
  18  1:15  Spawning Pool  
  17  1:19  Drone  
  17  1:22  Drone  
  19  1:26  Extractor  
  19  1:32  Drone  
  19  1:43  Drone  
  20  1:56  Drone  
  21  2:10  Queen x2  
  21  2:12  Drone x2  
  21  2:15  Overlord  
  27  2:25  Drone  
  28  2:34  Drone x2  
  30  2:39  Overlord, Drone  
  31  2:45  Queen  
  31  2:46  Lair  
  33  2:52  Drone x2  
  35  3:03  Drone x2  
  37  3:08  Overlord  
  37  3:13  Drone  
  37  3:16  Extractor  
  37  3:17  Extractor  
  36  3:21  Drone x5  
  36  3:22  Overlord  
  41  3:27  Drone x2  
  43  3:36  Drone x2  
  43  3:39  Hatchery  
  44  3:47  Roach Warren  
  43  3:49  Evolution Chamber  
  43  3:54  Drone x2  
  44  3:57  Drone x2  
  46  4:11  Overlord  
  46  4:12  Drone  
  47  4:18  Drone x2  
  49  4:32  Roach  
  49  4:33  Roach x2  
  49  4:34  Roach x2  
  49  4:36  Roach x2  
  49  4:37  Roach  
  65  4:42  Overlord  
  65  4:43  Drone  
  66  4:53  Drone x3  
  69  5:03  Drone  
  69  5:04  Drone x4  
  69  5:05  Overlord  
  74  5:10  Hydralisk Den  
  73  5:17  Evolution Chamber  
  73  5:18  Zerg Missile Weapons Level 1  
  73  5:19  Glial Reconstitution  
  73  5:20  Overlord, Drone  
  73  5:21  Overlord, Drone  
  74  5:22  Drone x2  
  74  5:27  Extractor  
  75  5:34  Roach  
  75  5:35  Roach x6  
  85  5:37  Overlord  
  80  5:47  Extractor  
  74  6:00  Zerg Ground Armor Level 1  
  74  6:05  Drone x4, Infestation Pit  
  74  6:06  Drone  
  74  6:07  Drone x8  
  86  6:17  Hydralisk x5  
  96  6:19  Drone x2  
  96  6:20  Drone  
  99  6:25  Grooved Spines  
  99  6:31  Queen  
  101  6:39  Drone x5  
  107  6:40  Drone  
  107  6:52  Drone x4  
  111  6:55  Hatchery  
  111  7:00  Hydralisk  
  113  7:01  Drone x2  
  113  7:02  Overlord  
  114  7:08  Hatchery  
  114  7:09  Overlord x2  
  114  7:10  Overlord  
  113  7:24  Drone x5  
  118  7:41  Drone  
  118  7:42  Drone x6  
  125  7:55  Drone x2  
  125  7:56  Drone x4  
  125  7:58  Extractor  
  130  7:59  Extractor  
  129  8:10  Hydralisk  
  129  8:11  Hydralisk x6  
  143  8:20  Overlord x3  
  142  8:36  Hydralisk x2  
  142  8:39  Hydralisk x2  
  142  8:40  Hydralisk x6  
  157  8:44  Hatchery  
  148  8:52  Hatchery  
  137  8:56  Hydralisk  
  137  8:57  Hydralisk x8  
  147  9:08  Drone x5  
  152  9:18  Hatchery  
  149  9:38  Extractor  
  148  9:45  Hydralisk  
  148  9:46  Hydralisk x3  
  148  9:51  Queen  
  158  10:11  Extractor  
Show
View Real Time Build Order
Export as new Build Order

Pezdoled Zerg 

Build Orders: Hatch First 

Get SALT Encoding   

  12  0:01  Drone  
  13  0:13  Overlord  
  13  0:18  Drone  
  14  0:31  Drone x2  
  16  0:50  Hatchery  
  16  0:54  Drone  
  16  0:58  Drone  
  16  1:02  Drone  
  18  1:12  Extractor  
  17  1:19  Spawning Pool  
  17  1:21  Drone  
  18  1:25  Drone  
  18  1:30  Drone  
  19  1:40  Drone  
  20  1:50  Drone  
  21  2:06  Queen x2  
  25  2:09  Drone x2  
  27  2:20  Drone  
  27  2:22  Overlord  
  28  2:38  Metabolic Boost  
  28  2:42  Roach Warren  
  28  2:43  Extractor  
  26  2:48  Queen x2  
  30  2:54  Drone  
  30  2:55  Drone x2  
  30  2:57  Drone  
  34  2:59  Drone  
  34  3:04  Overlord  
  35  3:27  Roach  
  35  3:28  Roach x3  
  35  3:29  Overlord  
  43  3:38  Drone  
  44  3:49  Roach  
  44  3:50  Roach x3  
  52  4:11  Overlord  
  52  4:27  Pneumatized Carapace  
  52  4:28  Overlord x2  
  52  4:35  Hatchery  
  51  5:00  Evolution Chamber  
  51  5:02  Evolution Chamber  
  51  5:05  Hatchery  
  48  5:09  Drone  
  48  5:10  Drone x10  
  55  5:43  Roach x7  
  63  5:50  Roach  
  63  5:51  Roach x4  
  69  6:01  Roach x3  
  73  6:04  Overlord x2  
  73  6:14  Zerg Missile Weapons Level 1, Zerg Ground Armor Level 1  
  73  6:28  Lair  
  73  6:30  Drone  
  73  6:31  Drone x2  
  76  6:34  Extractor  
  76  6:35  Extractor  
  74  6:52  Roach  
  74  6:53  Roach x8  
  92  7:02  Drone  
  93  7:24  Zergling x2  
  93  7:25  Zergling x4  
  96  7:44  Overlord  
  96  7:45  Overlord x9  
  96  7:55  Glial Reconstitution  
  96  8:08  Zerg Melee Weapons Level 1, Roach x5  
  96  8:09  Roach  
  81  8:57  Roach  
  81  8:58  Roach x14  
  87  9:11  Roach  
  87  9:12  Roach x3  
  89  9:29  Zergling x8  
  89  9:30  Zergling x6  
  90  9:46  Hydralisk Den  
  89  10:02  Roach  
  89  10:03  Roach x6  
Tags
 
Add a new tag
Caveats
  • Supply blocks, unpowered buildings, or Contaminate may cause inaccurate times.
  • Supply counts are checked every 10 seconds.